AoeStats
← CQ_Maximo

Arabia

505472574Analyzed
1v1 RM · 24d ago on Sep 9, 2026· 57m 55s· 2 players
Game mode
Random Map
Map size
Tiny (2 player)
Population
200
Speed
Normal
Resources
Standard
Victory
Conquest
Starting age
Dark Age
Ending age
Imperial Age
RankedLock teamsTeams togetherTeam positionsShared explorationLock speedFull tech treeHidden civsTurbo modeCheats
Victory
Defeat
🇨🇴 Saracens · Colombia
1087
+15
🇹🇷 Franks · Türkiye
1076
-24
Robert Hatemo
7:10 Loom
9:21 Feudal Age
10:42 Double-Bit Axe
21:20 Castle Age
19:54 Fletching
20:14 Gold Mining
21:59 Padded Archer Armor
22:26 Elite Skirmisher
23:49 Bodkin Arrow
30:00 Stone Mining
30:44 Forging
30:52 Scale Barding Armor
32:40 Husbandry
33:48 Wheelbarrow
34:50 Bow Saw
36:20 Iron Casting
36:35 Hand Cart
38:40 Chain Barding Armor
39:31 Leather Archer Armor
43:58 Imperial Age
49:18 Gold Shaft Mining
49:19 Cavalier
53:22 Paladin
55:50 Blast Furnace
55:27 Plate Barding Armor
CQ_Maximo
4:39 Loom
10:26 Feudal Age
11:13 Double-Bit Axe
13:55 Wheelbarrow
13:41 Horse Collar
19:18 Padded Archer Armor
19:41 Town Watch
20:32 Fletching
24:12 Castle Age
22:53 Scale Barding Armor
23:59 Forging
24:04 Bloodlines
24:02 Gold Mining
24:56 Husbandry
25:50 Crossbowman
31:53 Chain Barding Armor
32:34 Pikeman
33:31 Bodkin Arrow
33:50 Squires
34:18 Arson
37:00 Iron Casting
37:03 Leather Archer Armor
36:51 Scale Mail Armor
37:11 Light Cavalry
47:52 Imperial Age
45:39 Chain Mail Armor
45:34 Thumb Ring
48:59 Coinage
49:17 Plate Barding Armor
48:25 Heavy Camel Rider
51:59 Blast Furnace
51:20 Heavy Plow
51:35 Bracer
51:14 Arbalester
52:39 Ring Archer Armor
53:24 Chemistry
54:52 Ballistics
58:21 Bow Saw
Connection lost

Rejoining the realm…

Still unreachable

The connection could not be restored.

Session expired

The server has moved on; the page needs a fresh start.